← All builds
Beach sea / Cortex / Economy first / OBSERVED BUILD

Standard beach sea

Cortex Beach sea build order · Supreme Isthmus

The role's usual play: com goes to sea to build a shipyard around 2 minutes, pumping frigates and destroyers to contest enemy sea entry or hold vision, with an advanced metal extractor around 10 minutes as the transition into the team's…

Usually shipyard first (94%)

#naval #eco · 812 distinct matches · 107 players · 84% of Cortex Beach sea games · team won 55% of 877 · Recently observed

HOW TO PLAY IT

Key timing: Shipyard by 1:57

  1. Open 3 mex and wind while com heads straight to sea.
  2. Drop Shipyard fast, before 2:00, to seize early sea presence.
  3. Push "frigate" out to contest enemy sea entry or hold vision.
  4. Add "destroyer" as the fleet grows.
  5. Transition into Advanced Metal Extractor to catch up on eco.

Phase by phase

TYPICAL OF ITS 812 GAMES
  1. 1
  2. 2
  3. 3
PLAY THE OPENING

Follow the example game's first 6:00 step by step: what to build now, what comes next, and where it goes. At 1× it keeps pace with your own game.

  1. 1

    Up to the Shipyard

    Economy
    • Metal Extractor3Mex
    • Wind Turbine3Windfor allies
    • Wind Turbine2Wind
    • Energy Storage1Energy storage
    Order
    1. ShipyardShipyard after 3 mex, 2 wind, 1 energy storagedone ~1:57, middle half 1:44–2:08

    By 1:41 in all: 3 mex · 2 wind · 1 energy storage

    The example game in this phase · 6 steps
    1. Mex ×3
    2. Wind ×2
    3. Wind ×2for Air
    4. Energy storage
    5. Wind
    6. ShipyardShipyarddone 1:54 · typical 1:57
  2. 2

    Shipyard to 5:00

    Economy
    • Metal Extractor5Mex
    • Tidal Generator2Tidal
    Builders
    • Construction Ship2 Con ship
    Army
    • Riptide2 Frigate
    • Herring1 Missile corvette
    • Oppressor1 Destroyer
    Other
    • Naval Radar / Sonar Tower1 Naval Radar / Sonar Tower

    Some games also: Urchin (43%) · wind (40%) · submarine (39%) · gunboat (36%) · con turret (35%)

    By 5:00 in all: 8 mex · 3 wind · 2 tidal · 1 energy storage

    The example game in this phase · 18 steps
    1. HerringMissile corvette ×2
    2. Construction ShipCon ship ×2
    3. OppressorDestroyerdone 3:50 · typical 5:11
    4. Mex ×3
    5. SlingshotSlingshot
    6. Mex
    7. Wind
    8. RiptideFrigatedone 4:22 · typical 3:52
    9. Tidal
    10. Wind
    11. Mex
    12. Tidal
    13. Mex
    14. RiptideFrigate
    15. Wind
    16. Mex
    17. GuardGuard
    18. RiptideFrigate
  3. 3

    5:00 to 10:00

    Economy
    • Metal Extractor1Mex
    • Wind Turbine10Wind
    Builders
    • Death Cavalry1 Death Cavalry
    • Construction Ship1 Con ship
    Army
    • Urchin1 Urchin
    • Riptide5 Frigate
    • Oppressor2 Destroyer
    • Herring2 Missile corvette
    Other
    • Naval Radar / Sonar Tower1 Naval Radar / Sonar Tower

    Some games also: Naval Construction Turret (48%) · Guard (47%) · Radar Tower (41%) · tidal (38%) · con turret (34%)

    By 10:00 in all: 9 mex · 12 wind · 4 wind · 4 tidal · 1 energy storage · 1 Naval Construction Turret

    The example game in this phase · 67 steps
    1. ThistleThistle
    2. Con turret
    3. Death CavalryDeath Cavalry
    4. Radar TowerRadar Tower
    5. HerringMissile corvette
    6. UrchinUrchin
    7. OppressorDestroyer
    8. UrchinUrchin ×2
    9. Wind
    10. Naval Radar / Sonar TowerNaval Radar / Sonar Tower
    11. Wind ×2
    12. RiptideFrigate
    13. Wind
    14. RiptideFrigate
    15. Wind
    16. RiptideFrigate
    17. Wind ×2
    18. Death CavalryDeath Cavalry
    19. Wind
    20. HerringMissile corvette
    21. Converter
    22. OppressorDestroyer
    23. Wind
    24. Mex
    25. Wind
    26. RiptideFrigate
    27. Wind ×2
    28. RiptideFrigate
    29. Wind
    30. RiptideFrigate
    31. Wind
    32. Mex
    33. Advanced Metal ExtractorT2 mexdone 10:58 · typical 9:58
    34. Death CavalryDeath Cavalry
    35. Wind
    36. Naval Radar / Sonar TowerNaval Radar / Sonar Tower
    37. HerringMissile corvette
    38. Wind
    39. UrchinUrchin
    40. OppressorDestroyer
    41. Naval Radar / Sonar TowerNaval Radar / Sonar Tower
    42. RiptideFrigate
    43. Death CavalryDeath Cavalry
    44. HerringMissile corvette
    45. Naval Construction Turret
    46. UrchinUrchin ×2
    47. Naval Construction Turret
    48. Advanced Metal ExtractorT2 mex
    49. Naval Construction Turret
    50. UrchinUrchin
    51. Advanced ShipyardAdvanced Shipyarddone 12:11
    52. BeholderBeholder
    53. Vehicle PlantVehicle Plantdone 12:09
    54. Advanced Metal ExtractorT2 mex
    55. BeholderBeholder
    56. PounderPounder
    57. Advanced Construction SubAdvanced Construction Sub
    58. PounderPounder ×3
    59. PathfinderPathfinder
    60. GuardGuard
    61. PounderPounder
    62. PathfinderPathfinder
    63. BruteBrute
    64. Naval Advanced Metal ExtractorNaval Advanced Metal Extractornot finished by 15:00
    65. BruteBrute ×4
    66. Advanced Metal ExtractorT2 mex
    67. BruteBrute

Counts are medians over the build's games: half of them build more, half fewer. The example game is PrepareUrAfus's (46 OS, 27/08/2026); pick another.

Team trades

IN AT LEAST 30% OF ITS GAMES

You hand over

  • Wind Turbine3 Wind to Airfirst at 1:52 · in 79% of games

You get

  • Finch1 Finch from Airfirst at 1:58 · in 82% of games
  • Lazarus1 Lazarus from Geofirst at 2:13 · in 62% of games
  • Hephaestus1 Heavy transport from Airfirst at 2:16 · in 68% of games
  • Construction Bot1 Con bot from Geofirst at 2:28 · in 69% of games
  • Hercules1 Light transport from Airfirst at 2:34 · in 32% of games
  • Advanced Construction Bot1 T2 con bot from Techfirst at 8:09 · in 88% of games

How it plays out

Typical game of this build, running totals by minute

Metal produced

010k20k30k
0:005:0010:0015:00

metal

Enemy metal destroyed

05k10k
0:005:0010:0015:00

metal

Own metal lost

02.5k5k7.5k
0:005:0010:0015:00

metal

877 games.

Show as table
ByMetal produced: This buildEnemy metal destroyed: This buildOwn metal lost: This build
1:0040300
2:0093700
3:00156800
4:0025312150
5:003701197100
6:005032534254
7:0064761096590
8:00807618331031
9:00968328541610
10:001159239942340
11:001382252133090
12:001635261643821
13:001911472004611
14:002195382755717
15:002492992706561
WHAT THE NUMBERS SAY

Standard Beach sea wins more than Geo sea's 50% and gets its Shipyard up faster, using early sea access before falling behind on land resources.

  • + Shipyard finishes by 1:57, faster than Geo sea's 3:18
  • + 54% team win rate beats the Cortex geo sea baseline
  • − Metal produced trails Geo sea's Cortex build, 24356 vs 28451 by 15:00
  • − T2 factory only lands in 35% of games by 12:42
THE EXAMPLE YOU ARE READING

PrepareUrAfus

45.9 OS · 27/08/2026

Open source match ↗

7 received units · includes a constructor
54 metal received · 173233 energy received

Allied construction assistance is unknown. Timings are observations, not a promise of solo reproducibility.

Typical milestones

Shipyard1:57Middle 50%: 1:44–2:08 · n=875
Riptide3:52Middle 50%: 3:16–4:34 · n=863
Oppressor5:11Middle 50%: 4:16–6:08 · n=848
Advanced Metal Extractor9:58Middle 50%: 9:16–10:53 · n=743

Played most by

EpicTyrannus85games of this buildDamsko67games of this buildWaboum64games of this buildPRO_HYDRA60games of this buildMrCoolPotato51games of this build